 Dungeon Crawl Stone Soup version 0.31-a0-152-g6aa68a64a1 (webtiles) character file.

Game seed: 4384023371534107691

1084 qw the Skirmisher (level 8, 0/78 HPs)
             Began as a Minotaur Hunter on June 9, 2023.
             Slain by Pikel
             ... wielding a +2 whip of freezing
              (1 damage)
             ... on level 5 of the Dungeon.
             The game lasted 00:02:00 (4916 turns).

qw the Skirmisher (Minotaur Hunter)                 Turns: 4916, Time: 00:02:00

Health: 0/78       AC:  5    Str: 22    XL:     8   Next: 8%
Magic:  7/7        EV: 12    Int:  6    God:
Gold:   158        SH:  5    Dex: 16    Spells: 7/7 levels left

rFire   . . .        Y - +1 shortbow
rCold   . . .        (shield currently unavailable)
rNeg    . . .        d - +0 ring mail
rPois   .            (helmet restricted)
rElec   .            (no cloak)
rCorr   .            (no gloves)
SInv    .            (no boots)
Will    .....        h - amulet of reflection
Stlth   +            b - +6 ring of strength
HPRegen 0.33/turn    (no ring)
MPRegen 0.10/turn

%: reflection
@: about to teleport
A: horns 2, retaliatory headbutt, robust 1, wild magic 1
a: no special abilities


You were on level 5 of the Dungeon.
You visited 1 branch of the dungeon, and saw 5 of its levels.

You collected 228 gold pieces.
You spent 70 gold pieces at shops.


Innate Abilities, Weirdness & Mutations

You have a pair of horns on your head.
You reflexively headbutt those who attack you in melee.
You are robust. (+10% HP)
Your spells are a little harder to cast, but a little more powerful.


   Skills:
 - Level 6.4 Fighting
 + Level 9.2 Ranged Weapons
 - Level 2.6 Armour
 - Level 3.1 Dodging
 - Level 0.7 Stealth


You had 7 spell levels left.
You didn't know any spells.
Your spell library was empty.

Inventory:

Hand Weapons
 Y - a +1 shortbow (weapon)
Armour
 d - a +0 ring mail (worn)
Jewellery
 b - a +6 ring of strength (left hand)
 f - a ring of fire
 h - an amulet of reflection (around neck)
Scrolls
 a - 2 scrolls of identify
 c - 2 scrolls of enchant armour
 j - a scroll of silence {unknown}
Potions
 e - a potion of curing {unknown}
 g - a potion of mutation
 i - a potion of degeneration {unknown}

Dungeon Overview and Level Annotations

Branches:
Dungeon (5/15)
 Temple: D:4-7

Altars:
Kikubaaqudgha
Nemelex Xobeh
Sif Muna
Xom

Shops:
D:3 ?   D:5 =

Annotations:
D:5 Pikel


Message History

You shoot an arrow.
The arrow hits Pikel but does no damage.
Pikel is moderately wounded.
You block Pikel's attack.
You shoot an arrow. The arrow closely misses Pikel.
The arrow hits the lemure.
The lemure is heavily wounded.
Pikel hits you with a +2 whip of freezing!
Pikel freezes you.
You shoot an arrow.
The arrow hits Pikel but does no damage.
Pikel is moderately wounded.
Pikel hits you with a +2 whip of freezing!
Pikel freezes you.
You shoot an arrow. The arrow closely misses Pikel.
The arrow barely misses the lemure.
The arrow hits the lemure but does no damage.
The lemure is lightly wounded.
Pikel zaps a wand.
Your mind is blasted!
You shoot an arrow. The arrow hits Pikel.
Pikel is heavily wounded.
Pikel completely misses you.
You shoot an arrow.
The arrow hits Pikel but does no damage.
Pikel is moderately wounded.
Pikel barely misses you.
You shoot an arrow.
The arrow hits Pikel but does no damage.
Pikel is moderately wounded.
Pikel hits you with a +2 whip of freezing.
Pikel freezes you.
4915 ||| READING scroll of teleportation.
As you read the scroll of teleportation, it crumbles to dust.
You feel strangely unstable.
Pikel zaps a wand.
Your mind is blasted!
You shoot an arrow.
The arrow hits Pikel but does no damage.
Pikel is moderately wounded.
Pikel hits you with a +2 whip of freezing!
Pikel freezes you.
You die...

#...............####..##
##...#.........# ##.#
.)..............## #.#
......#####.#.#..####.#
...... #............
.#### #.#..#.####.#
###### #.##.#.# #.#
.....# ##.##...####.#
.....# ##..####@....)#
.....####..## #K####.#
..........## #5#
.....###### #5# .....#
#h5 .....# ##h .....# .
###### ..


You could see Pikel, 3 lemures and 2 jackals.

Vanquished Creatures
  2 black bears (D:5)
  2 ogres (D:5)
  A lemure (D:5)
  A scorpion (D:5)
  3 hounds
  4 orc priests
  2 iguanas (D:5)
  A sleepcap (D:4)
  Terence (D:2)
  5 orc wizards (D:3)
  Robin (D:2)
  9 adders
  A shadow imp (D:5)
  A white imp (D:5)
  2 worms (D:3)
  4 dart slugs
  18 orcs
  8 bats
  9 endoplasms
  4 giant cockroaches
  11 goblins
  10 hobgoblins
  4 jackals (D:2)
  6 kobolds
  2 quokkas (D:1)
  6 ball pythons
  2 frilled lizards
  7 rats
127 creatures vanquished.

Notes
Turn   | Place    | Note
-------+----------+-------------------------------------------
     0 | D:1      | qw the Minotaur Hunter began the quest for the Orb.
     0 | D:1      | Reached XP level 1. HP: 18/18 MP: 0/0
     0 | D:1      | 0 ||| qw: Version: 0.2-a-121-gba3a3e5
     0 | D:1      | 0 ||| qw: Game counter: 3204
     0 | D:1      | 0 ||| qw: Always use a shield: true
     0 | D:1      | 0 ||| qw: God list: Okawaru
     0 | D:1      | 0 ||| qw: Allow faded altars: false
     0 | D:1      | 0 ||| qw: Do Orc after D:15 true
     0 | D:1      | 0 ||| qw: Do second Lair branch before Depths: true
     0 | D:1      | 0 ||| qw: Lair rune preference: random
     0 | D:1      | 0 ||| qw: Plans: Normal
     0 | D:1      | 0 ||| PLANNING D:1-11
   113 | D:1      | Reached XP level 2. HP: 25/25 MP: 1/1
   143 | D:1      | Found a faded altar of an unknown god.
   178 | D:1      | Reached skill level 5 in Ranged Weapons
   335 | D:1      | Reached skill level 3 in Fighting
   743 | D:1      | Reached XP level 3. HP: 31/31 MP: 2/2
  1030 | D:1      | 1030 ||| UPGRADING to +0 ring mail.
  1040 | D:1      | 1040 ||| DROPPING +0 leather armour.
  1041 | D:1      | 1041 ||| READING scroll labelled ZAPIOLIECO.
  1042 | D:1      | 1042 ||| READING scroll labelled AXKACO CULUUR.
  1043 | D:1      | 1043 ||| READING scroll labelled VUOKKE ROTEYS.
  1048 | D:1      | 1048 ||| READING scroll labelled MOBBEY EDOYPT.
  1049 | D:1      | 1049 ||| READING scroll labelled IMUZIA ACEC.
  1050 | D:1      | 1050 ||| READING scroll labelled BIOSU TIHUTOJA.
  1051 | D:1      | 1051 ||| DROPPING scroll of butterflies.
  1174 | D:2      | Reached skill level 1 in Armour
  1236 | D:2      | Noticed Robin
  1258 | D:2      | Killed Robin
  1264 | D:2      | 1264 ||| FLEEEEING.
  1275 | D:2      | Reached XP level 4. HP: 38/38 MP: 3/3
  1528 | D:2      | Reached skill level 6 in Ranged Weapons
  1616 | D:2      | Noticed Terence
  1627 | D:2      | HP: 7/38 [Terence/+0 mace (8)]
  1631 | D:2      | Killed Terence
  2002 | D:2      | 2002 ||| DROPPING amulet of magic regeneration.
  2003 | D:2      | 2003 ||| READING scroll labelled HEISUM CEASYE.
  2004 | D:2      | 2004 ||| DRINKING 2 metallic black potions.
  2016 | D:2      | 2016 ||| DROPPING potion of ambrosia.
  2067 | D:3      | Reached XP level 5. HP: 30/46 MP: 4/4
  2069 | D:3      | 2069 ||| FLEEEEING.
  2078 | D:3      | 2078 ||| STAIRDANCE
  2123 | D:2      | 2123 ||| UPGRADING to amulet of the acrobat.
  2128 | D:2      | 2128 ||| DRINKING 2 fuming amethyst potions.
  2128 | D:2      | Gained mutation: You are robust. (+10% HP) [potion of
                  | mutation]
  2128 | D:2      | Gained mutation: Your spells are a little harder to cast,
                  | but a little more powerful. [potion of mutation]
  2242 | D:3      | Found a shimmering altar of Xom.
  2301 | D:3      | Reached skill level 7 in Ranged Weapons
  2305 | D:3      | HP: 11/50 [something/puff of flame (10)]
  2500 | D:3      | Found a shimmering blue altar of Sif Muna.
  2567 | D:3      | 2567 ||| FLEEEEING.
  2568 | D:3      | 2568 ||| FLEEEEING.
  2569 | D:3      | 2569 ||| FLEEEEING.
  2570 | D:3      | 2570 ||| FLEEEEING.
  2571 | D:3      | 2571 ||| FLEEEEING.
  2572 | D:3      | 2572 ||| FLEEEEING.
  2573 | D:3      | 2573 ||| FLEEEEING.
  2574 | D:3      | 2574 ||| FLEEEEING.
  2575 | D:3      | 2575 ||| FLEEEEING.
  2576 | D:3      | 2576 ||| FLEEEEING.
  2577 | D:3      | 2577 ||| FLEEEEING.
  2578 | D:3      | 2578 ||| FLEEEEING.
  2579 | D:3      | 2579 ||| FLEEEEING.
  2580 | D:3      | 2580 ||| FLEEEEING.
  2581 | D:3      | 2581 ||| FLEEEEING.
  2582 | D:3      | 2582 ||| FLEEEEING.
  2583 | D:3      | 2583 ||| FLEEEEING.
  2585 | D:3      | 2585 ||| FLEEEEING.
  2669 | D:3      | Reached XP level 6. HP: 57/57 MP: 5/5
  2744 | D:3      | HP: 13/57 [orc priest/divine providence (11)]
  2748 | D:3      | 2748 ||| READING scroll of teleportation.
  2749 | D:3      | HP: 6/57 [something (1)]
  2749 | D:3      | HP: 2/57 [something (1)]
  3050 | D:3      | Reached skill level 8 in Ranged Weapons
  3091 | D:3      | Found a sparkling altar of Nemelex Xobeh.
  3258 | D:3      | Found Gypahuwi's Magic Scroll Shop.
  3264 | D:3      | 3264 ||| BUYING scroll of identify (20 gold).
  3264 | D:3      | Bought a scroll of identify for 20 gold pieces
  3264 | D:3      | 3264 ||| BUYING scroll of identify (20 gold).
  3264 | D:3      | Bought a scroll of identify for 20 gold pieces
  3264 | D:3      | 3264 ||| BUYING scroll of teleportation (30 gold).
  3264 | D:3      | Bought a scroll of teleportation for 30 gold pieces
  3339 | D:3      | You fall into a shaft and drop 1 floor!
  3343 | D:4      | 3343 ||| UPGRADING to amulet of reflection.
  3353 | D:4      | 3353 ||| DROPPING amulet of the acrobat.
  3354 | D:4      | 3354 ||| READING scroll labelled FOMYESERAO.
  3355 | D:4      | 3355 ||| READING scroll labelled KAENEMAACH.
  3448 | D:4      | 3448 ||| READING scroll labelled DODYRGH SOJUWAL.
  3449 | D:4      | 3449 ||| READING 3 scrolls of identify.
  3449 | D:4      | 3449 ||| IDENTIFYING red potion
  3450 | D:4      | 3450 ||| READING 2 scrolls of identify.
  3450 | D:4      | 3450 ||| IDENTIFYING pink potion
  3451 | D:4      | 3451 ||| DROPPING potion of invisibility.
  3452 | D:4      | 3452 ||| DROPPING potion of enlightenment.
  3994 | D:4      | Reached skill level 3 in Dodging
  3994 | D:4      | Reached XP level 7. HP: 67/67 MP: 6/6
  4027 | D:4      | Found an ancient bone altar of Kikubaaqudgha.
  4087 | D:4      | 4087 ||| UPGRADING to +6 ring of strength.
  4091 | D:5      | Entered Level 5 of the Dungeon
  4126 | D:5      | 4126 ||| FLEEEEING.
  4127 | D:5      | 4127 ||| STAIRDANCE
  4154 | D:5      | 4154 ||| STAIRDANCE
  4330 | D:5      | Reached skill level 9 in Ranged Weapons
  4500 | D:5      | 4500 ||| FLEEEEING.
  4504 | D:5      | 4504 ||| FLEEEEING.
  4512 | D:5      | Reached skill level 6 in Fighting
  4699 | D:5      | Found Hurasar's Jewellery Shoppe.
  4708 | D:5      | 4708 ||| SHOPLISTING +5 ring of evasion (432 gold, have
                  | 139).
  4708 | D:5      | 4708 ||| SHOPLISTING ring of fire (300 gold, have 139).
  4708 | D:5      | 4708 ||| SHOPLISTING ring of ice (300 gold, have 139).
  4708 | D:5      | 4708 ||| SHOPLISTING ring of poison resistance (240 gold,
                  | have 139).
  4728 | D:5      | Reached XP level 8. HP: 51/78 MP: 7/7
  4889 | D:5      | Noticed Pikel
  4914 | D:5      | HP: 19/78 [Pikel/+2 whip of freezing (4)]
  4915 | D:5      | 4915 ||| READING scroll of teleportation.
  4915 | D:5      | HP: 8/78 [disintegration (9)]
  4916 | D:5      | HP: 1/78 [Pikel/+2 whip of freezing (7)]
  4916 | D:5      | Slain by Pikel

Levels and vault maps discovered:
D:1:      dpeg_arrival_lava_temple_mockup, layout_basic,
          shapermc_ecumenical_altar_totnotflames, minmay_misc_feat_hallway,
          st_stairs_6, chequers_arboretum, kennysheep_another_room,
          nicolae_eternal_life
D:2:      layout_loops_corners, serial_bayou_pond_d, uniq_robin, uniq_terence
D:3:      layout_loops_ring, mainiacjoe_overflow_brackets, lemuel_doored_altar,
          nemelex_dance_club_becter, serial_shops, shop, grunt_ministairs_1,
          hangedman_decor_diamond_cutter, nrook_mini_backslash, minivault_4,
          serial_park_tiny_2, kennysheep_generic_room_4
D:4:      layout_basic, mainiacjoe_overflow_six_doors_small
D:5:      layout_rooms, lemuel_mausoleum_altar_yredelemnul, serial_shops, shop,
          uniq_pikel

Skill      XL: |  1  2  3  4  5  6  7 |
---------------+----------------------+-----
Ranged Weapons | 5 6 7 8 9 |  9.2
Fighting       | 3 4 5 6 |  6.4
Armour         | 1 2 |  2.6
Dodging        | 3 |  3.1
Stealth        | |  0.7

Action                     |  1- 3 |  4- 6 |  7- 9 || total
---------------------------+-------+-------+-------++-------
   Fire: Shortbow          |   100 |   241 |   102 ||   443
    Use: Scroll            |     6 |     7 |     1 ||    14
         Potion            |       |     2 |       ||     2
 Armour: Leather armour    |    10 |       |       ||    10
         Ring mail         |     3 |    38 |     8 ||    49
  Dodge: Dodged            |    26 |    73 |    26 ||   125
  Block: Other             |       |     2 |     8 ||    10

Table legend:
 A = Non-vault XP
 B = Vault XP
 C = Vault XP percentage of total XP
 D = Non-vault monster count
 E = Vault monster count
 F = Vault count percentage of total count
                 A         B        C        D         E       F
            +---------+---------+-------+---------+---------+-------
      Total |    1385 |     164 |  10.6 |     104 |      22 |  17.5
            +---------+---------+-------+---------+---------+-------
        D:1 |      45 |       4 |   8.2 |      26 |       2 |   7.1
        D:2 |      63 |      71 |  53.0 |      23 |      12 |  34.3
        D:3 |     329 |      89 |  21.3 |      28 |       8 |  22.2
        D:4 |     227 |       0 |   0.0 |      17 |       0 |   0.0
        D:5 |     721 |       0 |   0.0 |      10 |       0 |   0.0
            +---------+---------+-------+---------+---------+-------
